 Dungeon Crawl Stone Soup version 0.31.0-9-g3a7656b989 (webtiles) character file.

Game seed: 16287054706973806586

195 qw the Shooter (level 5, -1/26 HPs)
             Began as a Spriggan Hunter on Feb 2, 2024.
             Slain by a crocodile (3 damage)
             ... in a sewer.
             The game lasted 00:00:07 (1819 turns).

qw the Shooter (Spriggan Hunter)                    Turns: 1819, Time: 00:00:07

Health: -1/26      AC:  4    Str:  7    XL:     5   Next: 45%
Magic:  6/6        EV: 20    Int: 10    God:
Gold:   119        SH:  0    Dex: 21    Spells: 4/4 levels left

rFire   + . .        a - +0 shortbow
rCold   + . .        (shield currently unavailable)
rNeg    . . .        j - +2 robe {rC+ rF+}
rPois   .            (helmet restricted)
rElec   .            (no cloak)
rCorr   +            (gloves unavailable)
SInv    +            (boots unavailable)
Will    .....        (no amulet)
Stlth   ++           f - ring of resist corrosion
HPRegen 0.24/turn    (no ring)
MPRegen 0.10/turn

%: no passive effects
@: very quick
A: very small, no large weapons, unfitting armour, see invisible, speed 3
a: no special abilities


You were in a sewer.
You visited 1 branch of the dungeon, and saw 3 of its levels.
You also visited: Sewer.

You collected 119 gold pieces.


Innate Abilities, Weirdness & Mutations

You are very small and have problems with some larger weapons.
You are too small for most types of armour.
You have supernaturally acute eyesight. (SInv)
You cover ground extremely quickly. (Speed+++)


   Skills:
 - Level 2.0 Fighting
 + Level 5.6 Ranged Weapons
 - Level 5.1 Dodging
 - Level 1.5 Stealth


You had 4 spell levels left.
You didn't know any spells.
Your spell library was empty.

Inventory:

Hand Weapons
 a - a +0 shortbow (weapon)
Armour
 j - a +2 robe of resistance (worn)
Jewellery
 f - a ring of resist corrosion (left hand)
Potions
 g - a potion of degeneration {unknown}
 h - a potion of might {unknown}

Dungeon Overview and Level Annotations

Branches:
Dungeon (3/15)              Sewer (1/1)

Altars:


Message History

Things that are here:
a brain worm corpse; a bat corpse A bat comes into view.
Found a potion of berserk rage.
Found a gate leading back out of this place.
You shoot an arrow. The arrow hits the bat!
You kill the bat!
A crocodile comes into view.
You shoot an arrow. The arrow hits the crocodile.
The crocodile is lightly wounded.
You shoot an arrow. The arrow closely misses the crocodile.
You shoot an arrow. The arrow closely misses the crocodile.
You shoot an arrow. The arrow hits the crocodile.
The crocodile is moderately wounded.
You shoot an arrow. The arrow closely misses the crocodile.
You shoot an arrow. The arrow barely misses the crocodile.
The crocodile bites you!
Ouch! That really hurt!
The crocodile drags you backwards!
You shoot an arrow.
The arrow hits the crocodile but does no damage.
The crocodile is moderately wounded.
The crocodile closely misses you.
You shoot an arrow. The arrow barely misses the crocodile.
The crocodile bites you! The crocodile drags you backwards!
Found 33 gold pieces.
1816 ||| DRINKING potion of heal wounds.
You feel much better. The crocodile misses you.
You shoot an arrow. The arrow barely misses the crocodile.
The crocodile completely misses you.
You shoot an arrow. The arrow hits the crocodile!
The crocodile is heavily wounded.
The crocodile bites you!
Ouch! That really hurt!
The crocodile drags you backwards!
Found four items.
You shoot an arrow. The arrow closely misses the crocodile.
The crocodile bites you.
You die...

##$)!!$## #..$$$..#
#.......# #.......#
#.......# #.......#
#..l..# ####### #@#
##..%..## #!#
#...~...## #.#
...~~~%..#######.####
\.~~~~~..%...%......#
...~~~...#######.####
#...~...## #.#
##.....## #.# #######
#.#


You could see a crocodile.

Vanquished Creatures
  A brain worm (Sewer)
  Jessica (D:2)
  2 adders (D:2)
  A dart slug (D:1)
  A ribbon worm (D:2)
  2 ball pythons (D:1)
  9 endoplasms
  7 giant cockroaches
  6 goblins
  2 hobgoblins (D:1)
  9 jackals
  9 kobolds
  2 quokkas (D:1)
  15 bats
  5 frilled lizards
  6 rats
78 creatures vanquished.

Notes
Turn   | Place    | Note
-------+----------+-------------------------------------------
     0 | D:1      | qw the Spriggan Hunter began the quest for the Orb.
     0 | D:1      | Reached XP level 1. HP: 10/10 MP: 2/2
     0 | D:1      | 0 ||| qw: Version: 0.3-a-155-g5e7d8dd
     0 | D:1      | 0 ||| qw: Game counter: 1088
     0 | D:1      | 0 ||| qw: Melee chars always use a shield: true
     0 | D:1      | 0 ||| qw: God list: Okawaru
     0 | D:1      | 0 ||| qw: Allow faded altars: false
     0 | D:1      | 0 ||| qw: Do Orc after clearing Dungeon:15 true
     0 | D:1      | 0 ||| qw: Do second Lair branch before Depths: true
     0 | D:1      | 0 ||| qw: Lair rune preference: random
     0 | D:1      | 0 ||| qw: Goals: Normal
     0 | D:1      | 0 ||| PLANNING D:1-11
    23 | D:1      | Reached skill level 3 in Dodging
    52 | D:1      | Reached XP level 2. HP: 12/14 MP: 3/3
   300 | D:1      | Reached XP level 3. HP: 18/18 MP: 4/4
   652 | D:1      | 652 ||| UPGRADING to ring of resist corrosion.
   653 | D:1      | 653 ||| READING scroll labelled OXIXETZUYM.
   653 | D:1      | 653 ||| ENCHANTING +0 shortbow.
   654 | D:1      | 654 ||| READING scroll labelled QYLOAC GAIR.
   755 | D:1      | 755 ||| READING scroll labelled TISUATHEARI.
   756 | D:1      | 756 ||| DROPPING scroll of butterflies.
   933 | D:2      | Reached XP level 4. HP: 22/22 MP: 5/5
  1215 | D:2      | Found a faded altar of an unknown god.
  1272 | D:2      | Noticed Jessica
  1276 | D:2      | Killed Jessica
  1637 | D:2      | 1637 ||| UPGRADING to +2 robe of resistance.
  1647 | D:2      | 1647 ||| DROPPING +0 robe.
  1648 | D:2      | 1648 ||| DROPPING amulet of magic regeneration.
  1649 | D:2      | 1649 ||| READING scroll labelled EDUYDI HOIH.
  1649 | D:2      | 1649 ||| IDENTIFYING lumpy purple potion
  1650 | D:2      | 1650 ||| READING scroll labelled MOG MYSYRYQA.
  1709 | D:3      | Found a glowing drain.
  1710 | D:3      | 1710 ||| PLANNING SEWER
  1712 | D:3      | 1712 ||| STAIRDANCE
  1733 | Sewer    | Entered a sewer
  1759 | Sewer    | Noticed a brain worm
  1768 | Sewer    | Killed a brain worm
  1769 | Sewer    | Reached XP level 5. HP: 18/26 MP: 4/6
  1807 | Sewer    | Noticed a crocodile
  1815 | Sewer    | HP: 2/26 [crocodile (12)]
  1816 | Sewer    | 1816 ||| DRINKING potion of heal wounds.
  1818 | Sewer    | Found the +9 sword of Zonguldrok {reap}
  1819 | Sewer    | Slain by a crocodile

Levels and vault maps discovered:
D:1:      lemuel_arrival_rhombus, layout_basic, minmay_unequal
D:2:      layout_loops_corners, ebering_ecumenical_altar_abandoned,
          corexii_shack, uniq_jessica
D:3:      layout_loops_cross, mainiacjoe_overflow_alcove_4, serial_shops, shop,
          portal_sewer_entry_f, minmay_misc_feat_chi
Sewer:    sewer_big_baddie

Skill      XL: |  1  2  3  4 |
---------------+-------------+-----
Dodging        | 3 4 5 |  5.1
Ranged Weapons | 5 |  5.6
Fighting       | 2 |  2.0
Stealth        | |  1.5

Action                     |  1- 3 |  4- 6 || total
---------------------------+-------+-------++-------
   Fire: Shortbow          |   137 |    89 ||   226
    Use: Scroll            |     3 |     2 ||     5
         Potion            |       |     1 ||     1
 Armour: Robe              |    13 |     8 ||    21
  Dodge: Dodged            |    51 |    31 ||    82

Table legend:
 A = Non-vault XP
 B = Vault XP
 C = Vault XP percentage of total XP
 D = Non-vault monster count
 E = Vault monster count
 F = Vault count percentage of total count
                 A         B        C        D         E       F
            +---------+---------+-------+---------+---------+-------
      Total |     127 |     152 |  54.5 |      61 |      17 |  21.8
            +---------+---------+-------+---------+---------+-------
        D:1 |      73 |       4 |   5.2 |      41 |       2 |   4.7
        D:2 |      54 |      39 |  41.9 |      20 |       2 |   9.1
        D:3 |       0 |       8 | 100.0 |       0 |       4 | 100.0
      Sewer |       0 |     101 | 100.0 |       0 |       9 | 100.0
            +---------+---------+-------+---------+---------+-------
